Map: Ruines d’Endion

Players

zidar

  • Race: Zerg Zerg
  • League: Gold
  • Spawn Location: 5:00

Василий - Winner!

  • Race: Zerg Zerg
  • League: Gold
  • Spawn Location: 7:00

VOD

Have the link to the VOD?

Description

Time

  • Played on: May 30, 2016, 10:36 a.m.
  • Length: 14:19
Show
View Real Time Build Order
Export as new Build Order

zidar Zerg 

Build Orders: Pool First 

Get SALT Encoding   

  12  0:01  Drone  
  13  0:12  Overlord  
  13  0:18  Drone  
  14  0:22  Extractor  
  14  0:24  Drone  
  15  0:31  Drone  
  15  0:34  Drone  
  17  0:48  Spawning Pool  
  16  0:50  Drone  
  17  1:15  Hatchery  
  17  1:16  Drone  
  17  1:19  Extractor  
  17  1:21  Drone  
  17  1:36  Queen  
  17  1:38  Drone  
  20  1:45  Overlord  
  20  1:50  Drone  
  21  2:01  Drone  
  22  2:04  Drone  
  23  2:12  Queen  
  23  2:15  Zergling x2  
  26  2:23  Spine Crawler  
  26  2:26  Zergling x2  
  26  2:37  Zergling x4  
  27  2:39  Metabolic Boost  
  27  3:15  Zergling x14  
  33  3:42  Drone x3  
  33  3:45  Overlord x2  
  27  4:28  Roach Warren  
  25  4:36  Zergling x2  
  25  4:37  Zergling x10  
  25  4:38  Zergling x8  
  35  4:41  Spine Crawler  
  35  4:42  Spine Crawler  
  35  4:44  Spine Crawler  
  32  4:48  Drone x3  
  32  4:52  Zergling x2  
  36  4:55  Zergling x2  
  37  5:01  Zergling x2  
  37  5:02  Zergling x2  
  37  5:05  Zergling x2  
  35  5:29  Roach x5  
  45  5:38  Lair  
  45  5:41  Roach  
  47  6:03  Drone x4  
  51  6:06  Overlord x2  
  51  6:44  Glial Reconstitution  
  51  6:52  Evolution Chamber  
  50  6:54  Extractor  
  50  6:55  Evolution Chamber  
  50  6:59  Extractor  
  47  7:04  Extractor  
  47  7:05  Drone x12  
  58  7:19  Zerg Missile Weapons Level 1  
  58  7:21  Zerg Melee Weapons Level 1  
  58  7:30  Infestation Pit  
  57  7:50  Drone x8  
  65  7:54  Drone x3  
  65  7:57  Overlord x2  
  65  7:58  Overlord  
  68  8:34  Hive  
  68  8:39  Spire  
  67  8:56  Hatchery  
  67  8:59  Drone x3  
  69  9:13  Zergling x10  
  69  9:14  Zergling x6  
  69  9:16  Zerg Ground Armor Level 1  
  77  9:17  Zerg Melee Weapons Level 2  
  77  9:27  Zergling x16  
  77  9:28  Zergling x2  
  86  9:54  Greater Spire  
  86  9:58  Drone  
  86  9:59  Drone x5  
  92  10:02  Overlord  
  92  10:05  Overlord x2  
  92  10:06  Overlord  
  92  10:27  Roach x3  
  92  10:28  Roach x4  
  106  10:31  Zergling x2  
  106  10:32  Zergling x4  
  70  11:03  Corruptor x4  
  70  11:04  Corruptor x2  
  79  11:17  Roach x2  
  77  11:26  Overseer  
  58  11:44  Roach x4  
  37  12:17  Brood Lord x6  
  37  12:18  Hatchery  
  42  12:30  Roach x2  
Show
View Real Time Build Order
Export as new Build Order

Василий Zerg - Winner!

Build Orders: Hatch First 

Get SALT Encoding   

  12  0:01  Drone  
  13  0:19  Drone  
  14  0:40  Hatchery  
  13  0:43  Drone  
  14  0:56  Spawning Pool  
  13  0:59  Extractor  
  13  1:00  Drone  
  13  1:07  Drone  
  14  1:15  Overlord  
  14  1:43  Queen  
  14  1:44  Zergling x6  
  19  1:53  Drone  
  20  2:00  Metabolic Boost  
  20  2:07  Zergling x4  
  22  2:22  Roach Warren  
  21  2:24  Drone  
  19  3:19  Drone x3  
  20  3:24  Spine Crawler  
  19  3:31  Roach x2  
  19  3:32  Roach x2  
  27  3:37  Overlord  
  27  3:45  Queen, Extractor  
  28  4:00  Roach x2  
  28  4:01  Roach x2  
  34  4:27  Drone x2  
  36  4:38  Overlord x2  
  36  4:46  Lair  
  36  4:54  Evolution Chamber, Drone  
  36  4:58  Drone x3  
  27  5:27  Spine Crawler  
  24  5:32  Spine Crawler  
  23  5:40  Roach  
  23  5:41  Roach x4  
  33  5:48  Zerg Ground Armor Level 1  
  33  6:17  Roach x4  
  41  6:23  Roach x2  
  45  6:28  Drone x2  
  45  6:30  Drone  
  48  6:33  Drone  
  49  6:42  Drone x2  
  49  6:43  Drone  
  52  6:54  Overlord x2  
  52  7:01  Glial Reconstitution  
  52  7:09  Extractor  
  52  7:11  Extractor  
  52  7:12  Drone  
  52  7:13  Drone x3  
  54  7:22  Spore Crawler  
  53  7:27  Drone  
  53  7:28  Spore Crawler  
  54  7:30  Drone  
  54  7:36  Drone x2  
  56  7:42  Zerg Missile Weapons Level 1  
  56  7:53  Drone x3  
  56  7:54  Drone  
  60  7:58  Burrow  
  60  8:20  Tunneling Claws, Drone  
  60  8:21  Drone  
  62  8:30  Roach x3  
  62  8:33  Overlord  
  62  8:34  Overlord x3  
  68  8:46  Spore Crawler  
  67  9:02  Roach x5  
  79  9:03  Roach x2  
  79  9:07  Roach x4  
  89  9:20  Spire  
  88  9:38  Roach x4  
  96  9:41  Roach  
  96  9:42  Roach  
  100  9:47  Overlord x3  
  100  10:09  Roach x18  
  100  10:19  Roach x29  
  100  10:24  Roach x5  
  100  10:25  Roach x2  
  114  10:45  Roach x6  
  114  10:46  Roach  
  112  11:45  Corruptor x3  
  118  12:43  Roach x28  
  118  13:10  Corruptor x3  
  122  13:14  Corruptor  
  122  13:17  Overlord x2  
  124  13:30  Spore Crawler  
Tags
 
Add a new tag
Caveats
  • Supply blocks, unpowered buildings, or Contaminate may cause inaccurate times.
  • Supply counts are checked every 10 seconds.